 Dungeon Crawl Stone Soup version 0.26.1-15-g04117e645d (webtiles) character file.

Game seed: 4941643456355745311

28303 greasedhog the Spear-Bearer (level 13, -4/103 HPs)
             Began as a Formicid Fighter on May 24, 2022.
             Was the Champion of Okawaru.
             Slain by a skeletal warrior
             ... wielding a +0 halberd
             ... led by a skeletal warrior
              (16 damage)
             ... on level 14 of the Dungeon on May 25, 2022.
             The game lasted 00:35:15 (15072 turns).

greasedhog the Spear-Bearer (Formicid Fighter)     Turns: 15072, Time: 00:35:16

Health: -4/103     AC: 15    Str: 31    XL:     13   Next: 72%
Magic:  19/19      EV: 11    Int:  9    God:    Okawaru [******]
Gold:   1102       SH: 12    Dex: 10    Spells: 12/12 levels left

rFire    . . .     SeeInvis +   t - +0 spear (venom)
rCold    . . .     Faith    .   c - +0 kite shield
rNeg     . . .     Spirit   .   v - +0 chain mail
rPois    .         Reflect  .   (helmet unavailable)
rElec    .         Harm     .   F - +1 cloak
rCorr    .         Rampage  .   (no gloves)
Will     +....                  Q - +0 pair of boots
Stlth    ..........             e - amulet of regeneration
HPRegen  0.67/turn              K - +6 ring of strength
MPRegen  0.16/turn              s - ring of wizardry

@: marked
A: permanent stasis, dig shafts and tunnels, four strong arms, antennae 3
a: Dig, Shaft Self, Renounce Religion, Heroism, Finesse


You were on level 14 of the Dungeon.
You worshipped Okawaru.
Okawaru was exalted by your worship.
You visited 2 branches of the dungeon, and saw 15 of its levels.

You collected 1195 gold pieces.
You spent 93 gold pieces at shops.

Inventory:

Hand Weapons
 h - a +2 scythe of flaming
 t - a +0 spear of venom (weapon)
 B - a +1 vorpal trident
 E - a +0 spear of flaming
 T - a +4 flail of protection
Missiles
 O - 10 javelins (quivered)
 R - 5 boomerangs
Armour
 c - a +0 kite shield (worn)
 v - a +0 chain mail (worn)
 F - a +1 cloak (worn)
 Q - a +0 pair of boots (worn)
Jewellery
 e - an amulet of regeneration (around neck)
 j - an uncursed ring of resist corrosion
 s - a ring of wizardry (right hand)
 J - an uncursed amulet of faith {unknown}
 K - a +6 ring of strength (left hand)
 M - an uncursed amulet of reflection {unknown}
Wands
 g - a wand of digging (8)
 k - a wand of acid (23)
 C - a wand of iceblast (21)
 G - a wand of polymorph (14)
 N - a wand of random effects (13)
 S - a wand of disintegration (6)
Scrolls
 a - 3 scrolls of enchant weapon
 b - a scroll of brand weapon {unknown}
 i - 3 scrolls of amnesia {unknown}
 o - 3 scrolls of remove curse
 p - 2 scrolls of fear
 y - 2 scrolls of magic mapping
 z - a scroll of torment
 A - 2 scrolls of fog
 D - 2 scrolls of enchant armour
 H - 2 scrolls of vulnerability
Potions
 d - 4 potions of might
 f - 7 potions of curing
 l - a potion of resistance {unknown}
 m - 5 potions of haste
 n - 2 potions of magic {unknown}
 q - 2 potions of lignification {unknown}
 r - a potion of cancellation {unknown}
 u - 4 potions of berserk rage {unknown}
 w - 4 potions of brilliance {unknown}
 x - 3 potions of attraction {unknown}
 I - 3 potions of flight {unknown}
 L - 8 potions of ambrosia {unknown}
 P - a potion of invisibility


   Skills:
 - Level 10.0 Fighting
 - Level 14.0 Polearms
 - Level 10.2 Armour
 * Level 4.9 Dodging
 - Level 9.0 Shields
 * Level 8.5 Invocations
 - Level 5.0 Evocations


You had 12 spell levels left.
You didn't know any spells.
Your spell library contained the following spells:

 Spells                   Type           Power        Failure   Level
 Beastly Appendage        Tmut           0%           50%         1
 Wereblood                Tmut           0%           63%         2
 Confusing Touch          Hex            0%           85%         3
 Gell's Gravitas          Tloc           0%           85%         3
 Spider Form              Tmut/Pois      0%           85%         3
 Ice Form                 Ice/Tmut       0%           99%         4
 Petrify                  Tmut/Erth      0%           99%         4
 Blade Hands              Tmut           0%           100%        5
 Metabolic Englaciation   Hex/Ice        0%           100%        5
 Yara's Violent Unravell  Hex/Tmut       0%           100%        5


Dungeon Overview and Level Annotations

Branches:
Dungeon (14/15)            Temple (1/1) D:6            Lair (0/6) D:9
    Orc (0/2) D:9          Vaults (0/5) D:14

Altars:
Ashenzari
Cheibriados
Dithmenos
Elyvilon
Fedhas
Gozag
Hepliaklqana
Kikubaaqudgha
Makhleb
Nemelex Xobeh
Okawaru
Qazlal
Ru
Sif Muna
Trog
Uskayaw
Vehumet
Wu Jian
Xom
Yredelemnul
Zin
The Shining One

Shops:
D:5 =**   D:11 *


Innate Abilities, Weirdness & Mutations

You cannot be hasted, slowed, berserked, paralysed or teleported.
You can dig through walls and to a lower floor.
Your four strong arms can wield two-handed weapons with a shield.
You have a pair of large antennae on your head. (SInv)


Message History

A worker ant comes into view.
You block the skeletal warrior's attack.
The unseen horror closely misses you. You block the unseen horror's attack.
The centaur warrior shoots an arrow.
The arrow hits you.
* * * LOW HITPOINT WARNING * * *
You see here an arrow.
The unseen horror hits you.
* * * LOW HITPOINT WARNING * * *
The centaur warrior shoots an arrow.
The arrow hits the unseen horror.
The unseen horror hits you.
* * * LOW HITPOINT WARNING * * *
You fail to use your ability.
You block the unseen horror's attack.
The unseen horror hits you but does no damage.
The centaur warrior shoots an arrow.
The arrow hits the unseen horror!!
The unseen horror dies!
The centaur warrior shoots an arrow.
The arrow barely misses you.
It was a potion of haste.
Your stasis prevents you from being hasted.
The skeletal warrior hits you from afar with a +0 halberd!
You die...

#...#{#.##....#
####.#.#p#
.####
#....#{#n# .###
#.###....##.B..
#...(.#T.W.##
#.###{Wp.#B##
##z#...(## #.
##(.cE....##
#.##@#.{..z....
#....>zz.....##
#.##.#.#....#..
#. ##....#.##..
#.####.....##..
#.[.)((<.......
##.####(..####+
#.# ##.## #.#
.# {


You could see 2 vault guards, 3 skeletal warriors, a centaur warrior, a freezing
wraith, a water elemental, a troll, a wraith, a necrophage and a worker ant.

Vanquished Creatures
  Gastronok (D:9)
  Josephine (D:12)
  2 boulder beetles
  A catoblepas (D:13)
  A hydra (D:12)
  2 two-headed ogres
  A tengu warrior (D:8)
  3 unseen horrors
  A deep elf mage (D:14)
  3 manticores
  4 ugly things
  4 cyclopes
  2 centaur skeletons (D:14)
  A gargoyle (D:13)
  A komodo dragon (D:9)
  2 rime drakes (D:12)
  2 trolls (D:11)
  2 hornets
  A queen bee (D:9)
  Prince Ribbit (D:6)
  A shadow (D:12)
  Sigmund (D:3)
  11 yaks (D:12)
  A wyvern (D:12)
  A basilisk (D:14)
  5 wraiths
  Grum (D:5)
  Edmund (D:6)
  An acid dragon (shapeshifter) (D:13)
  3 water moccasins
  A sky beast (D:8)
  5 ice beasts
  2 orc warriors
  7 centaurs
  4 black bears
  2 wolves
  10 ogres
  8 bullfrogs
  4 big kobolds
  4 gnoll sergeants
  38 killer bees
  3 wights (D:7)
  A howler monkey (D:4)
  A vampire bat (D:8)
  4 centaur zombies
  A jelly (D:9)
  A bullfrog zombie (D:12)
  18 hounds
  Crazy Yiuf (D:6)
  2 gnoll shamans (D:5)
  7 orc priests
  2 bullfrog skeletons
  3 iguanas
  7 orc wizards
  7 worker ants
  4 worker ant zombies
  13 adders
  29 gnolls
  A shadow imp (D:10)
  4 white imps
  An adder zombie (D:5)
  A dart slug (D:5)
  8 leopard geckos
  36 orcs
  10 bats
  5 bat skeletons (D:8)
  5 giant cockroaches
  10 goblins
  10 hobgoblins
  19 jackals
  5 quokkas
  A ball python (D:4)
  6 frilled lizards
  26 kobolds
  A quokka zombie (D:5)
  7 rats
407 creatures vanquished.

Vanquished Creatures (others)
  An unseen horror (D:14)
  An orc (D:6)
  42 plants (D:9)
44 creatures vanquished.

Grand Total: 451 creatures vanquished

Notes
Turn   | Place    | Note
-------+----------+-------------------------------------------
     0 | D:1      | greasedhog the Formicid Fighter began the quest for the
                  | Orb.
     0 | D:1      | Reached XP level 1. HP: 18/18 MP: 1/1
    41 | D:1      | Reached XP level 2. HP: 23/24 MP: 2/2
   226 | D:1      | Reached XP level 3. HP: 26/29 MP: 3/3
  1110 | D:2      | Reached skill level 3 in Polearms
  1110 | D:2      | Reached skill level 5 in Shields
  1110 | D:2      | Reached XP level 4. HP: 32/35 MP: 4/4
  1333 | D:2      | Found a snail-covered altar of Cheibriados.
  1359 | D:2      | Found a sparkling altar of Nemelex Xobeh.
  1359 | D:2      | Found a white marble altar of Elyvilon.
  1394 | D:2      | Reached XP level 5. HP: 36/41 MP: 5/5
  2193 | D:3      | Found a shimmering altar of Xom.
  2245 | D:3      | Reached skill level 4 in Polearms
  2753 | D:3      | Reached XP level 6. HP: 47/47 MP: 6/6
  2786 | D:3      | Found a sacrificial altar of Ru.
  2846 | D:3      | Noticed Sigmund
  2858 | D:3      | Killed Sigmund
  2859 | D:3      | Reached skill level 5 in Polearms
  2932 | D:3      | Reached XP level 7. HP: 48/52 MP: 7/7
  3408 | D:4      | Reached skill level 6 in Polearms
  3702 | D:4      | Found an opulent altar of Gozag.
  3725 | D:5      | Entered Level 5 of the Dungeon
  3738 | D:4      | Reached XP level 8. HP: 14/58 MP: 8/8
  4109 | D:5      | Reached skill level 7 in Polearms
  4535 | D:5      | Found a sparkling altar of Nemelex Xobeh.
  4539 | D:5      | Found a shimmering blue altar of Sif Muna.
  4613 | D:4      | Reached skill level 8 in Polearms
  4613 | D:4      | Reached XP level 9. HP: 26/64 MP: 9/9
  4703 | D:5      | Reached skill level 1 in Evocations
  4746 | D:5      | Noticed Grum
  4757 | D:5      | Killed Grum
  4814 | D:5      | Found a shimmering blue altar of Sif Muna.
  4820 | D:5      | Reached skill level 9 in Polearms
  4888 | D:5      | Found Kaorex's Serpentskin Sales.
  4995 | D:5      | Found Olaokeweu's Assorted Antiques.
  5001 | D:5      | Bought a scroll labelled HEUNWA FEPTUIRU for 31 gold pieces
  5001 | D:5      | Bought a scroll of identify for 62 gold pieces
  5071 | D:5      | Found Cafraela's Jewellery Boutique.
  5114 | D:5      | HP: 3/64 [gnoll (5)]
  5378 | D:5      | Reached skill level 10 in Polearms
  5411 | D:5      | Found an iron altar of Okawaru.
  5430 | D:5      | Became a worshipper of Warmaster Okawaru
  5708 | D:6      | Noticed Prince Ribbit
  5735 | D:6      | Killed Prince Ribbit
  5736 | D:6      | Reached skill level 1 in Invocations
  5806 | D:6      | Noticed Edmund
  5839 | D:6      | Found a runed translucent door.
  5840 | D:6      | Noticed Crazy Yiuf
  5854 | D:6      | Killed Crazy Yiuf
  5899 | D:6      | Killed Edmund
  5900 | D:6      | Reached XP level 10. HP: 66/70 MP: 9/11
  5943 | D:6      | Found a staircase to the Ecumenical Temple.
  5962 | Temple   | Entered the Ecumenical Temple
  6374 | D:6      | Reached skill level 11 in Polearms
  6932 | D:7      | Found a broken altar of Ashenzari.
  6953 | D:7      | Found a glowing golden altar of the Shining One.
  7240 | D:7      | Found a glowing silver altar of Zin.
  7573 | D:8      | Found a radiant altar of Vehumet.
  7574 | D:8      | Found a sacrificial altar of Ru.
  7574 | D:8      | Found a blossoming altar of Fedhas.
  7588 | D:8      | Found a basalt altar of Yredelemnul.
  7881 | D:8      | Reached * piety under Okawaru
  7908 | D:8      | Identified the cursed +1 shortbow "Rinapp" {freeze, Str+3}
  7908 | D:8      | Noticed a tengu warrior
  7912 | D:8      | Noticed a manticore
  7962 | D:8      | Killed a tengu warrior
  7962 | D:8      | Reached ** piety under Okawaru
  7963 | D:8      | Reached skill level 12 in Polearms
  7973 | D:8      | HP: 1/70 [manticore (17)]
  7978 | D:8      | Killed a manticore
  8330 | D:8      | Found an ancient bone altar of Kikubaaqudgha.
  8598 | D:9      | Reached XP level 11. HP: 59/77 MP: 11/13
  8915 | D:9      | Reached skill level 13 in Polearms
  8943 | D:9      | Reached *** piety under Okawaru
  9155 | D:9      | Reached skill level 5 in Evocations
  9213 | D:9      | Reached skill level 5 in Fighting
  9404 | D:9      | Found a staircase to the Lair.
  9409 | D:9      | Noticed Gastronok
  9464 | D:9      | Killed Gastronok
  9464 | D:9      | Reached **** piety under Okawaru
 10130 | D:9      | You fall into a shaft and drop 2 floors!
 10203 | D:10     | Entered Level 10 of the Dungeon
 10332 | D:10     | Reached skill level 14 in Polearms
 10463 | D:10     | Noticed an unseen horror
 10481 | D:10     | Killed an unseen horror
 10752 | D:9      | Reached ***** piety under Okawaru
 10987 | D:9      | Found a staircase to the Orcish Mines.
 11386 | D:11     | Noticed a cyclops
 11395 | D:11     | Noticed a boulder beetle
 11398 | D:11     | Killed a cyclops
 11398 | D:11     | Received a gift from Okawaru
 11399 | D:11     | Reached XP level 12. HP: 69/92 MP: 14/14
 11414 | D:11     | Killed a boulder beetle
 11568 | D:11     | Found Moaw's Changing Room.
 11675 | D:11     | Received a gift from Okawaru
 11806 | D:11     | Reached skill level 5 in Armour
 12171 | D:12     | Noticed a two-headed ogre
 12226 | D:12     | Killed a two-headed ogre
 12309 | D:12     | Found a frozen archway.
 12417 | D:12     | Reached skill level 10 in Fighting
 12490 | D:12     | Reached skill level 5 in Invocations
 12603 | D:12     | Noticed a boulder beetle
 12606 | D:12     | Received a gift from Okawaru
 12607 | D:12     | Reached skill level 1 in Dodging
 12627 | D:12     | Killed a boulder beetle
 12627 | D:12     | Reached ****** piety under Okawaru
 12679 | D:12     | Reached XP level 13. HP: 72/103 MP: 17/17
 12698 | D:12     | Received a gift from Okawaru
 13071 | D:12     | Noticed Josephine
 13089 | D:12     | Killed Josephine
 13089 | D:12     | Received a gift from Okawaru
 13465 | D:12     | Noticed an eight-headed hydra
 13475 | D:12     | Killed a five-headed hydra
 13476 | D:12     | Reached skill level 10 in Armour
 13950 | D:13     | Found a shimmering altar of Xom.
 14180 | D:13     | Noticed a catoblepas
 14223 | D:13     | Killed a catoblepas
 15038 | D:14     | Found a gate to the Vaults.
 15038 | D:14     | Noticed a vault guard
 15038 | D:14     | Noticed a vault guard
 15038 | D:14     | Noticed a vault guard
 15038 | D:14     | Noticed a vault guard
 15059 | D:14     | Received a gift from Okawaru
 15064 | D:14     | Noticed a centaur warrior
 15072 | D:14     | Slain by a skeletal warrior

Illustrated notes

Levels and vault maps discovered:
D:1:      nzn_arrival_crosshair, layout_basic, st_stairs_5
D:2:      layout_loops_ring, gammafunk_temple_overflow_forgotten,
          chequers_serial_rivers_large_a
D:3:      layout_loops_ring, xom_redecorated, nicolae_ru_sacrificial_ziggurat,
          uniq_sigmund
D:4:      cheibrodos_thug_alley, layout_cave_pools, general_overflow_altar
D:5:      layout_cave_pools, kennysheep_little_box, serial_gnoll_camp,
          gnoll_camp_mini_hut, gnoll_camp_huts_basic, gnoll_camp_medium_02,
          gnoll_camp_mini_shop, grums_kennel, gnoll_camp_mini_loothouse,
          basic_altar, serial_shops, nicolae_shop_crystal,
          hangedman_feature_mirror, guppyfry_shop_venom
D:6:      layout_basic, minmay_temple_entry_purple_smoke,
          uniq_crazy_yiuf_cottage, uniq_edmund, uniq_prince_ribbit1
D:7:      layout_layer_cave, lemuel_crystal_altar,
          ashenzari_conservatory_becter, minmay_misc_feat_room, tso_metal_star
D:8:      layout_loops_ring, kennysheep_vampire_church,
          nicolae_overflow_quartered_altars, minmay_radiant
D:9:      layout_basic, david_lair_shrubbed, orc_0_dummy, special_room
          [special_room_bee], uniq_gastronok
D:10:     layout_basic
D:11:     layout_basic, nicolae_transmutations_shop, item_on_display_a
D:12:     hangedman_cross_stitches, layout_irregular_city, portal_ice_cave_rime,
          hex_medium, uniq_josephine
D:13:     layout_long_grid, amcnicky_altar_gilded
D:14:     layout_loops_ring, lightli_vaults_fourway_checkpoint,
          kennysheep_flooded_box
Temple:   compressed_dpeg_triangle_lava_temple

Skill      XL: |  1  2  3  4  5  6  7  8  9 10 11 12 13 |
---------------+----------------------------------------+-----
Shields        | 4 5 6 7 9 |  9.0
Polearms       | 3 4 5 6 8 10 12 14 | 14.0
Evocations     | 3 4 5 |  5.0
Invocations    | 1 3 5 8 |  8.5
Fighting       | 4 7 10 | 10.0
Armour         | 8 10 | 10.2
Dodging        | 1 4 |  4.9

Action                   |  1- 3 |  4- 6 |  7- 9 | 10-12 | 13-15 || total
-------------------------+-------+-------+-------+-------+-------++-------
Melee: Trident           |   102 |   228 |       |   177 |       ||   507
       Scythe            |       |     9 |   143 |       |     3 ||   155
       Spear             |       |       |   408 |   952 |   447 ||  1807
Throw: Throwing net      |       |       |     5 |     4 |     5 ||    14
       Javelin           |       |       |       |       |     5 ||     5
Invok: Heroism           |       |       |       |     3 |     1 ||     4
Evoke: Wand              |       |       |       |    11 |       ||    11
  Use: Scroll            |     1 |     3 |     6 |     6 |       ||    16
       Potion            |       |       |     2 |     1 |     1 ||     4
 Stab: Held in net/web   |       |       |       |    10 |     2 ||    12
Armor: Scale mail        |    34 |    82 |    51 |       |       ||   167
       Chain mail        |       |       |   132 |   201 |   100 ||   433
Dodge: Dodged            |    23 |    68 |   165 |   178 |    64 ||   498
Block: Kite shield       |    49 |   128 |   347 |   367 |   143 ||  1034
